 Dungeon Crawl Stone Soup version 0.27.1-34-g3ba077fa99 (webtiles) character file.

Game seed: 2841522453585135916

52 zeram the Sneak (level 3, -4/24 HPs)
             Began as an Octopode Brigand on Jan 24, 2022.
             Slain by a gnoll (5 damage)
             ... on level 2 of the Dungeon.
             The game lasted 00:02:19 (1249 turns).

zeram the Sneak (Octopode Brigand)                  Turns: 1249, Time: 00:02:19

Health: -4/24      AC:  1    Str: 10    XL:     3   Next: 85%
Magic:  3/3        EV: 13    Int: 14    God:
Gold:   54         SH:  0    Dex: 13    Spells: 2/2 levels left

rFire    . . .     SeeInvis .   a - +2 dagger
rCold    . . .     Faith    .   (no shield)
rNeg     . . .     Spirit   .   (helmet restricted)
rPois    .         Reflect  .   (no amulet)
rElec    .         Harm     .   (no ring)
rCorr    .         Rampage  .   (no ring)
Will     .....                  (no ring)
Stlth    ++++......             (no ring)
HPRegen  0.08/turn              (no ring)
MPRegen  0.08/turn              (no ring)
                                (no ring)
                                (no ring)

@: no status effects
A: almost no armour, amphibious, 8 rings, camouflage 1, gelatinous body 1,
(nimble swimmer 1), tentacles
a: no special abilities


You were on level 2 of the Dungeon.
You visited 1 branch of the dungeon, and saw 2 of its levels.

You collected 54 gold pieces.

Inventory:

Hand Weapons
 a - a +2 dagger (weapon)
Missiles
 b - 8 poisoned darts (quivered)
 c - 2 curare-tipped darts
 i - 4 datura-tipped darts
Scrolls
 e - 2 scrolls of fog
Potions
 d - 2 potions of attraction {unknown}
 f - a potion of degeneration {unknown}
 h - a potion of brilliance {unknown}
 j - a potion of lignification {unknown}
 k - a potion of haste {unknown}


   Skills:
 - Level 2.0 Fighting
 + Level 2.4 Short Blades
 - Level 2.0 Throwing
 + Level 1.2 Dodging
 + Level 6.9 Stealth


You had 2 spell levels left.
You didn't know any spells.
Your spell library was empty.

Dungeon Overview and Level Annotations

Branches:
Dungeon (2/15)

Altars:

Shops:
D:1 [


Innate Abilities, Weirdness & Mutations

You cannot wear most types of armour.
You are amphibious.
You can wear up to eight rings at the same time.
Your skin changes colour to match your surroundings (Stealth+).
Your rubbery body absorbs attacks. (AC +1, EV +1)
((You are camouflaged near water. (Stealth+)))
You have tentacles for arms and can constrict up to eight enemies at once.


Message History

The gnoll closely misses you.
You hit the gnoll.
The gnoll is moderately wounded.
You constrict the gnoll. The endoplasm freezes you.
You are frozen.
The gnoll closely misses you.
You hit the gnoll.
The gnoll is almost dead.
You constrict the gnoll.
You kill the gnoll!
The endoplasm hits you.
You hit the endoplasm.
The endoplasm is severely wounded.
The endoplasm hits you.
You hit the endoplasm.
The endoplasm is almost dead.
The endoplasm closely misses you.
You hit the endoplasm.
You kill the endoplasm!
The dart slug bites you.
You hit the dart slug. You grab the dart slug. You squeeze the dart slug!
You kill the dart slug!
The gnoll closely misses you.
The gnoll hits you from afar with a +0 spear.
* * * LOW HITPOINT WARNING * * *
You see here a +1 spear of pain.
Okay, then.
Okay, then.
Okay, then.
A kobold comes into view. It is wielding a +0 dagger.
Found a stone staircase leading up.
The gnoll hits you with a +0 spear.
* * * LOW HITPOINT WARNING * * *
Found a stone staircase leading up.
The gnoll closely misses you.
The kobold shouts!
You hit the kobold.
You kill the kobold!
The gnoll barely misses you.
The gnoll hits you from afar with a +0 spear.
You die...

. .## #.# ..#
#.# #.### #.#.##
########....####
<.<...)@.......+
########gg..####
#.#.## ##.###
##...# #.#.#.#
#+### #...#.#
#.... #..##.#
#..#) ##...#
##...#


You could see 2 gnolls.

Vanquished Creatures
  An adder (D:2)
  A gnoll (D:2)
  3 dart slugs
  3 ball pythons (D:1)
  3 endoplasms
  3 giant cockroaches (D:1)
  3 goblins
  A hobgoblin (D:1)
  2 quokkas (D:1)
  2 frilled lizards (D:1)
  3 kobolds
  A rat (D:1)
26 creatures vanquished.

Notes
Turn   | Place    | Note
-------+----------+-------------------------------------------
     0 | D:1      | zeram the Octopode Brigand began the quest for the Orb.
     0 | D:1      | Reached XP level 1. HP: 14/14 MP: 1/1
   363 | D:1      | Reached XP level 2. HP: 19/19 MP: 2/2
   442 | D:1      | Reached skill level 6 in Stealth
   582 | D:1      | Found Muop's Antique Armour Shop.
   991 | D:2      | Reached XP level 3. HP: 24/24 MP: 3/3
  1247 | D:2      | HP: 1/24 [gnoll (6)]
  1249 | D:2      | Slain by a gnoll

Illustrated notes

Levels and vault maps discovered:
D:1:      dpeg_arrival_snail, layout_loops_ring, serial_shops, shop,
          minmay_tetromino_s2
D:2:      layout_loops_corners, serial_shops,
          nicolae_shop_temple_entry_statues_fountains

Skill      XL: |  1  2 |
---------------+-------+-----
Stealth        | 6 |  6.9
Fighting       | |  2.0
Short Blades   | |  2.4
Throwing       | |  2.0
Dodging        | |  1.2

Action                   || total
-------------------------++-------
Melee: Dagger            ||    45
       Tentacles         ||    11
       Constrict         ||    10
  Use: Scroll            ||     3
 Stab: Sleeping          ||     8
Armor: Skin              ||     1
Dodge: Dodged            ||    26
